Map: Dusk Towers

Players

starkiller

  • Race: Zerg Zerg
  • League: Grandmaster

llllIIIlllII - Winner!

  • Race: Terran Terran
  • League: Master

VOD

Have the link to the VOD?

Description

Time

  • Played on: June 5, 2016, 9:10 p.m.
  • Length: 10:03
Show
View Real Time Build Order
Export as new Build Order

starkiller Zerg 

Build Orders: Hatch First 

Get SALT Encoding   

  12  0:01  Drone  
  13  0:15  Overlord  
  13  0:18  Drone  
  14  0:33  Drone x2  
  16  0:37  Drone  
  18  0:50  Drone  
  18  0:55  Hatchery  
  17  1:08  Spawning Pool  
  16  1:11  Drone  
  17  1:33  Hatchery  
  17  1:35  Drone  
  17  1:37  Drone  
  18  1:40  Drone  
  19  1:47  Overlord  
  19  1:56  Queen  
  21  2:06  Queen  
  23  2:08  Drone  
  23  2:12  Drone  
  25  2:18  Drone  
  25  2:19  Drone  
  27  2:24  Overlord  
  27  2:29  Drone  
  28  2:36  Queen  
  30  2:42  Drone  
  30  2:43  Drone  
  32  2:49  Queen  
  34  2:52  Drone  
  34  2:57  Extractor x2  
  33  3:02  Roach Warren, Drone  
  33  3:05  Drone  
  33  3:07  Drone  
  35  3:16  Drone  
  36  3:24  Extractor  
  36  3:25  Drone x6  
  36  3:26  Drone  
  43  3:44  Extractor, Drone  
  43  3:45  Extractor, Drone x4  
  43  3:46  Drone  
  43  3:47  Drone x3  
  50  3:52  Overlord  
  50  4:10  Overlord x2  
  50  4:19  Spore Crawler  
  50  4:20  Drone x2  
  50  4:21  Overlord x2  
  50  4:22  Spine Crawler  
  50  4:34  Lair  
  50  4:36  Drone x2  
  50  4:37  Drone x2, Evolution Chamber  
  53  4:39  Roach, Evolution Chamber  
  53  4:42  Roach  
  53  4:44  Roach  
  58  4:47  Roach  
  58  4:51  Roach  
  62  4:55  Roach  
  62  4:56  Roach  
  67  5:00  Drone x2  
  67  5:02  Drone  
  67  5:04  Drone  
  70  5:07  Zerg Missile Weapons Level 1  
  70  5:12  Zerg Ground Armor Level 1  
  70  5:18  Overlord  
  70  5:19  Drone x2  
  70  5:20  Drone  
  73  5:21  Drone  
  73  5:23  Drone  
  73  5:28  Ravager x3  
  78  5:29  Ravager x2  
  80  5:36  Roach x2  
  80  5:41  Overlord x2  
  81  5:53  Drone x8  
  89  6:01  Drone  
  89  6:02  Extractor x2, Drone x2  
  89  6:03  Drone x2  
  92  6:04  Infestation Pit  
  92  6:05  Drone  
  92  6:08  Glial Reconstitution  
  92  6:10  Drone x2  
  94  6:12  Drone  
  95  6:19  Roach  
  95  6:20  Roach x3  
  95  6:25  Roach  
  105  6:37  Overlord x3  
  105  6:38  Overlord  
  105  6:43  Hive  
  105  6:45  Roach, Hatchery  
  106  6:47  Overlord  
  106  6:48  Overlord  
  106  6:51  Overlord  
  106  6:53  Overlord  
  106  7:04  Zerg Missile Weapons Level 2  
  106  7:06  Zerg Ground Armor Level 2  
  106  7:16  Roach x5  
  106  7:18  Overlord  
  106  7:19  Overlord  
  116  7:27  Overlord  
  116  7:28  Overlord, Drone  
  116  7:29  Drone x8  
  125  7:30  Drone  
  125  7:31  Drone  
  125  7:32  Drone  
  125  7:33  Drone  
  125  7:34  Drone  
  130  7:42  Roach  
  130  7:43  Roach x2  
  136  7:50  Ravager x3  
  137  7:51  Roach  
  137  7:52  Roach  
  137  7:53  Roach x2  
  137  7:54  Roach x2  
  137  7:55  Roach x2  
  137  7:56  Roach  
  155  8:00  Roach x2  
  155  8:05  Roach x3  
  163  8:16  Extractor  
  159  8:20  Extractor  
  159  8:23  Ultralisk Cavern  
  155  8:27  Spore Crawler  
  155  8:29  Spine Crawler  
  155  8:30  Spine Crawler x2  
  155  8:33  Drone  
  155  8:34  Drone x4  
  154  8:35  Drone  
  157  8:42  Overlord x2  
  157  8:43  Ravager  
  157  8:44  Ravager x5  
  157  8:45  Ravager  
  144  9:05  Roach x9  
  144  9:09  Roach  
  112  9:19  Ultralisk x2  
  112  9:20  Ultralisk x2  
Show
View Real Time Build Order
Export as new Build Order

llllIIIlllII Terran - Winner!

Build Orders: Liberator Opening, Reaper Expand, MMM Bio 

Get SALT Encoding   

  12  0:01  SCV  
  13  0:13  SCV  
  14  0:17  Supply Depot  
  14  0:25  SCV  
  15  0:39  SCV  
  15  0:40  Barracks  
  16  0:45  Refinery  
  16  0:51  SCV  
  17  1:03  SCV  
  18  1:15  SCV  
  19  1:28  Orbital Command  
  19  1:30  Reaper  
  20  1:43  Command Center  
  20  1:52  Supply Depot  
  20  1:54  SCV  
  21  2:02  Barracks Reactor  
  21  2:06  SCV  
  22  2:18  SCV  
  23  2:25  Factory  
  23  2:30  SCV  
  24  2:39  Marine x2  
  24  2:43  SCV  
  27  2:48  Command Center  
  27  2:53  Refinery  
  27  2:57  SCV  
  28  3:02  Orbital Command  
  28  3:05  Marine  
  28  3:07  Marine  
  28  3:09  SCV  
  31  3:14  Widow Mine  
  33  3:21  SCV  
  33  3:24  Starport  
  34  3:28  SCV  
  34  3:33  Marine, SCV  
  34  3:34  Marine  
  38  3:40  SCV  
  39  3:43  Factory Tech Lab  
  39  3:45  SCV  
  39  3:46  Liberator  
  40  3:52  SCV  
  40  3:54  Marine x2  
  43  3:57  SCV  
  43  4:00  Orbital Command  
  44  4:07  SCV  
  48  4:10  SCV  
  48  4:17  Barracks  
  48  4:19  Barracks, SCV, Factory Reactor  
  48  4:22  SCV  
  48  4:23  Marine  
  51  4:25  Stimpack  
  51  4:26  SCV  
  51  4:31  SCV, Refinery  
  52  4:33  Refinery  
  52  4:34  SCV  
  52  4:36  Liberator  
  54  4:38  SCV  
  54  4:43  Marine, SCV  
  57  4:46  Orbital Command, Supply Depot, SCV  
  57  4:49  Supply Depot  
  61  5:06  Factory Reactor  
  61  5:08  Marine x3, SCV x2  
  61  5:11  Engineering Bay  
  61  5:12  Engineering Bay, SCV  
  67  5:14  Marine x2  
  67  5:19  Supply Depot  
  67  5:20  SCV x2  
  71  5:24  SCV  
  71  5:25  Supply Depot  
  71  5:28  Barracks  
  72  5:30  Barracks  
  72  5:32  Marine, SCV  
  72  5:33  Marine x3  
  77  5:40  Marauder  
  79  5:43  Supply Depot  
  79  5:47  Supply Depot  
  79  5:49  SCV x3  
  79  5:50  Terran Infantry Weapons Level 1  
  79  5:52  Terran Infantry Armor Level 1  
  79  5:56  Marine x3  
  82  5:58  Marine, Factory Reactor  
  82  6:03  Medivac x2  
  87  6:04  SCV x2  
  87  6:05  SCV  
  87  6:10  Supply Depot  
  90  6:12  Supply Depot  
  90  6:16  Barracks Reactor, Barracks Tech Lab  
  90  6:17  Marine  
  91  6:19  SCV  
  91  6:22  SCV x2  
  94  6:27  Combat Shields  
  94  6:28  Marine x2  
  94  6:29  Marauder  
  94  6:32  Medivac, SCV  
  99  6:33  Medivac  
  99  6:34  Supply Depot, SCV  
  99  6:35  Supply Depot  
  99  6:38  Marine x2  
  99  6:39  Marauder  
  108  6:47  Marine x2  
  110  6:54  Marine x3  
  110  6:58  Supply Depot  
  110  6:59  Supply Depot  
  110  7:00  Marauder  
  114  7:04  Barracks  
  114  7:05  Barracks  
  114  7:06  Marine x3, Armory  
  114  7:07  Medivac x2  
  114  7:08  Barracks  
  115  7:18  Marine, Marauder  
  115  7:19  Marine x2  
  115  7:22  Marauder  
  122  7:24  Marine  
  122  7:26  Supply Depot x2  
  123  7:39  Marine  
  123  7:40  Marauder  
  123  7:42  Marine x6  
  123  7:43  Medivac x2  
  136  7:46  Concussive Shells, Supply Depot  
  136  7:47  Supply Depot  
  136  8:03  Marine x2  
  136  8:04  Marine x4, Barracks Tech Lab x2, Marauder x2  
  136  8:05  Barracks Tech Lab  
  146  8:21  Marine x2  
  146  8:22  Marine  
  146  8:23  Marine x4, Marauder x2  
  146  8:24  Medivac  
  146  8:25  Marine, Medivac  
  146  8:26  Marauder  
  162  8:28  Command Center  
  162  8:34  Supply Depot  
  162  8:36  Supply Depot  
  162  8:39  Marine x2  
  162  8:40  Marine x2  
  166  8:41  Marine  
  166  8:42  Marauder  
  166  8:43  Marine x2  
  166  8:47  Marauder x2  
  175  8:50  Marine  
  176  8:57  Marine  
  171  9:05  Marine  
  171  9:07  Marine x2  
  171  9:08  Marine x2, Marauder x2  
  171  9:09  Marauder x2  
  170  9:13  Medivac  
  164  9:18  Marine x2  
  164  9:23  Marine  
  167  9:25  Marine x2  
  167  9:26  Marine x2  
  167  9:29  Marauder x2  
  167  9:30  Marauder  
  167  9:31  Marauder  
  176  9:35  Marine  
  176  9:36  Marauder  
  169  9:41  Marine  
  169  9:43  Marine x3  
  169  9:44  Marine  
Tags
 
Add a new tag
Caveats
  • Supply blocks, unpowered buildings, or Contaminate may cause inaccurate times.
  • Supply counts are checked every 10 seconds.